TOP OF THE 1ST |
Virginia Beach Whales batting - Pitching for Gulf Coast Turbeaus : RHP Curt Finley
|
Pitching: RHP Curt Finley
|
|
Batting: RHB Lynn Medlen
|
0-0: SINGLE (Groundball, 34D, EV 98.1 MPH)
|
Batting: RHB Lee Montgomery
|
0-0: Foul Ball, location: 2F 0-1: Foul Ball, location: 2F 0-2: Ball 1-2: Ball 2-2: Ground out 4-3 (Groundball, 34, EV 104.4 MPH) Lynn Medlen to second
|
Batting: RHB Luc Leroux
|
0-0: Called Strike 0-1: Swinging Strike 0-2: Ball 1-2: Strikes out swinging, 2-3 out at first.
|
Batting: RHB Woody Maxwell
|
0-0: Ball 1-0: Called Strike 1-1: Foul Ball, location: 2F 1-2: Strikes out swinging
|
Top of the 1st over - 0 runs, 1 hit, 0 errors, 1 left on base; Virginia Beach 0 - Gulf Coast 0 |
BOTTOM OF THE 1ST |
Gulf Coast Turbeaus batting - Pitching for Virginia Beach Whales : LHP Bill Lawrence
|
Pitching: LHP Bill Lawrence
|
|
Batting: RHB Pete Dunn
|
0-0: Fly out, F3 (Popup, 3SF, EV 71.9 MPH)
|
Batting: RHB Tim Wise
|
0-0: Called Strike 0-1: Ball 1-1: Foul Ball, location: 2F 1-2: Foul Ball, location: 2F 1-2: TRIPLE (Line Drive, 78XD, EV 112.5 MPH)
|
Batting: RHB José Labandeira
|
0-0: SINGLE (Groundball, 6MD, EV 103.1 MPH) Tim Wise scores
|
Batting: LHB Gianni Fei
|
0-0: Ball 1-0: Fly out, F7 (Flyball, 7S, EV 91.2 MPH)
|
Batting: SHB Alex Johnston
|
0-0: Ball 1-0: Fly out, F7 (Flyball, 7LM, EV 85.6 MPH)
|
Bottom of the 1st over - 1 run, 2 hits, 0 errors, 1 left on base; Virginia Beach 0 - Gulf Coast 1 |
TOP OF THE 2ND |
Virginia Beach Whales batting - Pitching for Gulf Coast Turbeaus : RHP Curt Finley
|
Batting: RHB Gregory Jones
|
0-0: Ball 1-0: Foul Ball, location: 2F 1-1: SINGLE (Line Drive, 56D, EV 95.0 MPH)
|
Batting: LHB Jason Hawkins
|
0-0: Called Strike 0-1: Ball 1-1: Ball 2-1: Foul Ball, location: 2F 2-2: Strikes out looking
|
Batting: RHB Victor Jensen
|
0-0: Foul Ball, location: 2F 0-1: Ball 1-1: Swinging Strike 1-2: Strikes out looking
|
Batting: RHB Geoff Sullivan
|
0-0: SINGLE (Line Drive, 9S, EV 86.2 MPH) Gregory Jones to second Runner from 2nd tries for 3rd, SAFE, throw by RF made to third
|
Batting: RHB Winston Clark
|
0-0: Ball 1-0: Ball 2-0: Called Strike 2-1: Called Strike 2-2: Strikes out swinging
|
Top of the 2nd over - 0 runs, 2 hits, 0 errors, 2 left on base; Virginia Beach 0 - Gulf Coast 1 |
BOTTOM OF THE 2ND |
Gulf Coast Turbeaus batting - Pitching for Virginia Beach Whales : LHP Bill Lawrence
|
Batting: RHB Senzo Matsuura
|
0-0: Foul Ball, location: 2F 0-1: Ball 1-1: Swinging Strike 1-2: Foul Ball, location: 2F 1-2: Ball 2-2: Strikes out swinging
|
Batting: RHB Jae-keol Om
|
0-0: Called Strike 0-1: Ball 1-1: Foul Ball, location: 2F 1-2: Foul Ball, location: 2F 1-2: Strikes out swinging
|
Batting: LHB Mike Gill
|
0-0: Called Strike 0-1: Foul Ball, location: 2F 0-2: Strikes out swinging
|
Bottom of the 2nd over - 0 runs, 0 hits, 0 errors, 0 left on base; Virginia Beach 0 - Gulf Coast 1 |
TOP OF THE 3RD |
Virginia Beach Whales batting - Pitching for Gulf Coast Turbeaus : RHP Curt Finley
|
Batting: RHB Lynn Medlen
|
0-0: Ball 1-0: Fly out, F6 (Line Drive, 6, EV 68.1 MPH)
|
Batting: RHB Lee Montgomery
|
0-0: Ball 1-0: Ball 2-0: Called Strike 2-1: Ball 3-1: Ground out 4-3 (Groundball, 4, EV 105.0 MPH)
|
Batting: RHB Luc Leroux
|
0-0: Ball 1-0: Swinging Strike 1-1: Ball 2-1: Fly out, F8 (Flyball, 8LS, EV 84.4 MPH)
|
Top of the 3rd over - 0 runs, 0 hits, 0 errors, 0 left on base; Virginia Beach 0 - Gulf Coast 1 |
BOTTOM OF THE 3RD |
Gulf Coast Turbeaus batting - Pitching for Virginia Beach Whales : LHP Bill Lawrence
|
Batting: RHB Tadasu Sato
|
0-0: Ball 1-0: Ground out 6-3 (Groundball, 56, EV 101.9 MPH)
|
Batting: RHB Pete Dunn
|
0-0: Called Strike 0-1: Ground out 1-3 (Groundball, 15, EV 64.4 MPH)
|
Batting: RHB Tim Wise
|
0-0: Ball 1-0: Ball 2-0: Single, Error in OF, E8, batter to second base (Groundball, 4D, EV 100.6 MPH)
|
Batting: RHB José Labandeira
|
0-0: Called Strike 0-1: Ball 1-1: SINGLE (Line Drive, 8RS, EV 93.1 MPH) Tim Wise to third Runner from 3rd tries for Home, SAFE, throw by CF to home
|
Batting: LHB Gianni Fei
|
0-0: Called Strike 0-1: Ball 1-1: Ball 2-1: Swinging Strike 2-2: Fly out, F5 (Popup, 5S, EV 80.0 MPH)
|
Bottom of the 3rd over - 1 run, 2 hits, 1 error, 1 left on base; Virginia Beach 0 - Gulf Coast 2 |
TOP OF THE 4TH |
Virginia Beach Whales batting - Pitching for Gulf Coast Turbeaus : RHP Curt Finley
|
Batting: RHB Woody Maxwell
|
0-0: Ball 1-0: Called Strike 1-1: Ball 2-1: Foul Ball, location: 2F 2-2: Strikes out swinging
|
Batting: RHB Gregory Jones
|
0-0: Called Strike 0-1: Swinging Strike 0-2: Strikes out swinging
|
Batting: LHB Jason Hawkins
|
0-0: Called Strike 0-1: Foul Ball, location: 2F 0-2: Ball 1-2: Strikes out swinging
|
Top of the 4th over - 0 runs, 0 hits, 0 errors, 0 left on base; Virginia Beach 0 - Gulf Coast 2 |
BOTTOM OF THE 4TH |
Gulf Coast Turbeaus batting - Pitching for Virginia Beach Whales : LHP Bill Lawrence
|
Batting: SHB Alex Johnston
|
0-0: Called Strike 0-1: Ball 1-1: Ball 2-1: Fly out, F7 (Line Drive, 7D, EV 98.1 MPH)
|
Batting: RHB Senzo Matsuura
|
0-0: Swinging Strike 0-1: Ball 1-1: Ball 2-1: Swinging Strike 2-2: Ball 3-2: SINGLE (Groundball, 34S, EV 65.6 MPH) (infield hit)
|
Batting: RHB Jae-keol Om
|
0-0: Called Strike 0-1: Fielders Choice at 2nd, 3-6 (Groundball, 34S, EV 87.5 MPH)
|
Batting: LHB Mike Gill
|
0-0: Called Strike 0-1: Ball 1-1: Swinging Strike 1-2: Foul Ball, location: 2F 1-2: Ball 2-2: Strikes out swinging
|
Bottom of the 4th over - 0 runs, 1 hit, 0 errors, 1 left on base; Virginia Beach 0 - Gulf Coast 2 |
TOP OF THE 5TH |
Virginia Beach Whales batting - Pitching for Gulf Coast Turbeaus : RHP Curt Finley
|
Batting: RHB Victor Jensen
|
0-0: Called Strike 0-1: Ground out 5-3 (Groundball, 5S, EV 93.1 MPH)
|
Batting: RHB Geoff Sullivan
|
0-0: Foul Ball, location: 2F 0-1: Swinging Strike 0-2: SINGLE (Groundball, 6MD, EV 108.1 MPH)
|
Batting: RHB Winston Clark
|
0-0: SINGLE (Groundball, 6MS, EV 69.4 MPH) (infield hit) Geoff Sullivan to second
|
Batting: RHB Lynn Medlen
|
0-0: Called Strike 0-1: Ball 1-1: Ball 2-1: Foul Ball, location: 2F 2-2: Grounds into double play, 6-4-3 (Groundball, 6, EV 81.2 MPH)
|
Top of the 5th over - 0 runs, 2 hits, 0 errors, 1 left on base; Virginia Beach 0 - Gulf Coast 2 |
BOTTOM OF THE 5TH |
Gulf Coast Turbeaus batting - Pitching for Virginia Beach Whales : LHP Bill Lawrence
|
Batting: RHB Tadasu Sato
|
0-0: Ball 1-0: Fly out, F7 (Flyball, 78S, EV 90.6 MPH)
|
Batting: RHB Pete Dunn
|
0-0: Ground out 6-3 (Groundball, 6, EV 99.4 MPH)
|
Batting: RHB Tim Wise
|
0-0: SINGLE (Flyball, 3D, EV 100.0 MPH)
|
Batting: RHB José Labandeira
|
0-0: Ball 1-0: Ball 2-0: Foul Ball, location: 2F 2-1: Ball 3-1: Base on Balls Tim Wise to second
|
Batting: LHB Gianni Fei
|
0-0: Ball 1-0: Ball 2-0: Called Strike 2-1: Fly out, F8 (Line Drive, 8RM, EV 92.5 MPH)
|
Bottom of the 5th over - 0 runs, 1 hit, 0 errors, 2 left on base; Virginia Beach 0 - Gulf Coast 2 |
TOP OF THE 6TH |
Virginia Beach Whales batting - Pitching for Gulf Coast Turbeaus : RHP Curt Finley
|
Batting: RHB Lee Montgomery
|
0-0: Fly out, F8 (Flyball, 89XD, EV 99.4 MPH)
|
Batting: RHB Luc Leroux
|
0-0: Called Strike 0-1: Ball 1-1: Ground out 4-3 (Groundball, 4, EV 89.4 MPH)
|
Batting: RHB Woody Maxwell
|
0-0: DOUBLE (Groundball, 5L, EV 108.1 MPH)
|
Batting: RHB Gregory Jones
|
0-0: Called Strike 0-1: Ball 1-1: Called Strike 1-2: Foul Ball, location: 2F 1-2: Ball 2-2: Ball 3-2: Fly out, F8 (Flyball, 8RXD, EV 90.0 MPH)
|
Top of the 6th over - 0 runs, 1 hit, 0 errors, 1 left on base; Virginia Beach 0 - Gulf Coast 2 |
BOTTOM OF THE 6TH |
Gulf Coast Turbeaus batting - Pitching for Virginia Beach Whales : LHP Bill Lawrence
|
Batting: SHB Alex Johnston
|
0-0: Ball 1-0: Ball 2-0: Ball 3-0: Base on Balls
|
Batting: RHB Senzo Matsuura
|
0-0: Called Strike 0-1: Foul Ball, location: 2F 0-2: Ball 1-2: Strikes out looking
|
Batting: RHB Jae-keol Om
|
0-0: Called Strike 0-1: SINGLE (Flyball, 8RS, EV 93.1 MPH) Alex Johnston to second
|
Batting: LHB Mike Gill
|
0-0: Called Strike 0-1: Called Strike 0-2: Fielders Choice at 2nd, 3-6 (Groundball, 34, EV 104.4 MPH) Alex Johnston to third
|
Batting: RHB Tadasu Sato
|
0-0: Ball 1-0: Fielders Choice at 2nd, 6-4 (Groundball, 6, EV 87.5 MPH)
|
Bottom of the 6th over - 0 runs, 1 hit, 0 errors, 2 left on base; Virginia Beach 0 - Gulf Coast 2 |
TOP OF THE 7TH |
Virginia Beach Whales batting - Pitching for Gulf Coast Turbeaus : RHP Curt Finley
|
Batting: LHB Jason Hawkins
|
0-0: Ball 1-0: Called Strike 1-1: Ball 2-1: Swinging Strike 2-2: Strikes out looking
|
Batting: RHB Victor Jensen
|
0-0: Ground out 5-3 (Groundball, 56, EV 105.6 MPH)
|
Batting: RHB Geoff Sullivan
|
0-0: Fly out, F7 (Flyball, 7LM, EV 91.9 MPH)
|
Top of the 7th over - 0 runs, 0 hits, 0 errors, 0 left on base; Virginia Beach 0 - Gulf Coast 2 |
BOTTOM OF THE 7TH |
Gulf Coast Turbeaus batting - Pitching for Virginia Beach Whales : LHP Bill Lawrence
|
Batting: RHB Pete Dunn
|
0-0: Ball 1-0: Ball 2-0: Ball 3-0: Called Strike 3-1: Base on Balls
|
Batting: RHB Tim Wise
|
0-0: Ball 1-0: Fly out, F9 (Flyball, 89M, EV 96.2 MPH)
|
Pitching: LHP Dave Henderson
|
|
Batting: RHB José Labandeira
|
0-0: Foul Ball, location: 2F 0-1: Fly out, F6 (Line Drive, 6, EV 69.4 MPH)
|
Batting: LHB Gianni Fei
|
0-0: Ball 1-0: Ball 2-0: Called Strike 2-1: SINGLE (Groundball, 4MD, EV 108.8 MPH) Pete Dunn to second Runner from 2nd tries for 3rd, OUT! 8-5
|
Bottom of the 7th over - 0 runs, 1 hit, 0 errors, 1 left on base; Virginia Beach 0 - Gulf Coast 2 |
TOP OF THE 8TH |
Virginia Beach Whales batting - Pitching for Gulf Coast Turbeaus : RHP Curt Finley
|
Batting: RHB Winston Clark
|
0-0: Called Strike 0-1: Foul Ball, location: 2F 0-2: Fly out, F7 (Line Drive, 78M, EV 110.0 MPH)
|
Batting: RHB Lynn Medlen
|
0-0: Called Strike 0-1: Ball 1-1: Swinging Strike 1-2: Foul Ball, location: 2F 1-2: Ball 2-2: Strikes out swinging
|
Batting: RHB Lee Montgomery
|
0-0: Called Strike 0-1: Ground out 4-3 (Groundball, 4M, EV 83.1 MPH)
|
Top of the 8th over - 0 runs, 0 hits, 0 errors, 0 left on base; Virginia Beach 0 - Gulf Coast 2 |
BOTTOM OF THE 8TH |
Gulf Coast Turbeaus batting - Pitching for Virginia Beach Whales : LHP Dave Henderson
|
Batting: SHB Alex Johnston
|
0-0: Called Strike 0-1: Called Strike 0-2: Foul Ball, location: 2F 0-2: Foul Ball, location: 2F 0-2: Ball 1-2: Ball 2-2: Ball 3-2: Foul Ball, location: 2F 3-2: Foul Ball, location: 2F 3-2: SINGLE (Line Drive, 4MD, EV 109.4 MPH)
|
Batting: RHB Senzo Matsuura
|
0-0: Ball 1-0: Fly out, F8 (Line Drive, 8LD, EV 86.2 MPH)
|
Batting: RHB Jae-keol Om
|
0-0: Foul Ball, location: 2F 0-1: Ball 1-1: Ball 2-1: Ball 3-1: Fielders Choice at 2nd, 1-6 (Groundball, 13S, EV 72.5 MPH)
|
Batting: LHB Mike Gill
|
0-0: Ball Jae-keol Om steals 2nd, throwing error, E2 Jae-keol Om to third 1-0: Called Strike 1-1: Fly out, F4 (Flyball, 34D, EV 96.2 MPH)
|
Bottom of the 8th over - 0 runs, 1 hit, 1 error, 1 left on base; Virginia Beach 0 - Gulf Coast 2 |
TOP OF THE 9TH |
Virginia Beach Whales batting - Pitching for Gulf Coast Turbeaus : RHP Curt Finley
|
Pitching: RHP Alberto Ramos
|
|
Batting: RHB Luc Leroux
|
0-0: Called Strike 0-1: Foul Ball, location: 2F 0-2: Foul Ball, location: 2F 0-2: Ball 1-2: Foul Ball, location: 2F 1-2: Strikes out swinging
|
Batting: RHB Woody Maxwell
|
0-0: Ball 1-0: Ball 2-0: Called Strike 2-1: Ball 3-1: Base on Balls
|
Batting: RHB Gregory Jones
|
0-0: Swinging Strike 0-1: Called Strike 0-2: Strikes out looking
|
Batting: LHB Jason Hawkins
|
0-0: Foul Ball, location: 2F 0-1: Called Strike 0-2: Ball 1-2: Ball 2-2: Strikes out looking
|
Top of the 9th over - 0 runs, 0 hits, 0 errors, 1 left on base; Virginia Beach 0 - Gulf Coast 2 |
|